 Dungeon Sprint DCSS version 0.27-a0-1036-g8e1b44f6bd (webtiles) character file.

Game seed: 8796630304961598523

804 mhtbhm the Arsonist (level 7, -15/36 HPs)
             Began as a Deep Elf Fire Elementalist on Apr 18, 2021.
             Was a Priest of Vehumet.
             Demolished by a merfolk
             ... wielding the +10 lajatang "Acaplaf" {holy, rCorr}
              (33 damage)
             ... in the Dungeon (Sprint V: "Ziggurat Sprint").
             The game lasted 00:01:55 (149 turns).

mhtbhm the Arsonist (Deep Elf Fire Elementalist)     Turns: 149, Time: 00:01:56

Health: -15/36     AC:  5    Str:  5    XL:     7   Next: 60%
Magic:  9/23       EV: 15    Int: 34    God:    Vehumet [***...]
Gold:   0          SH:  0    Dex: 15    Spells: 11/27 levels left

rFire    + . .     SeeInvis .   C - +8 lance "Wyrmbane" {slay drac, rPois rF+ rC+ AC+3}
rCold    + . .     Faith    .   (no shield)
rNeg     . . .     Spirit   .   a - +0 robe
rPois    +         Reflect  .   (no helmet)
rElec    .         Harm     .   (no cloak)
rCorr    .         Rampage  .   (no gloves)
Will     .....     NoTele   +   (no boots)
Stlth    ++........             (no amulet)
HPRegen  0.12/turn              u - +6 ring of intelligence
MPRegen  0.18/turn              v - +6 ring of intelligence

@: no status effects
A: no striking features
a: Renounce Religion


You were in the Dungeon.
You worshipped Vehumet.
Vehumet was most pleased with you.
You visited 1 branch

Inventory:

Hand Weapons
 C - the +8 lance "Wyrmbane" (weapon) {slay drac, rPois rF+ rC+ AC+3}
   (You found it in the Dungeon)

   It affects your AC (+3).
   It protects you from fire.
   It protects you from cold.
   It protects you from poison.
Armour
 a - a +0 robe (worn)
 r - a scarf of invisibility
Jewellery
 u - a +6 ring of intelligence (left hand)
 v - a +6 ring of intelligence (right hand)
Wands
 y - a wand of mindburst (6)
 z - a wand of iceblast (3)
 A - a wand of acid (6)
Scrolls
 h - 4 scrolls of blinking
 m - 4 scrolls of amnesia
 n - 7 scrolls of fog
 o - a scroll of holy word
 p - 5 scrolls of identify
 q - 2 scrolls of fear
Potions
 b - 2 potions of brilliance
 c - 10 potions of curing
 d - 9 potions of heal wounds
 e - 6 potions of haste
 f - 7 potions of magic
 g - 3 potions of berserk rage
 i - 2 potions of invisibility
 j - 4 potions of resistance
 k - a potion of experience
 l - 6 potions of might
Miscellaneous
 s - a condenser vane
 B - a lightning rod (4/4)


   Skills:
 + Level 7.5 Dodging
 - Level 3.6 Stealth
 + Level 10.6 Spellcasting
 + Level 4.0 Conjurations
 + Level 13.3 Fire Magic
 + Level 4.1 Evocations


You had 11 spell levels left.
You knew the following spells:

 Your Spells              Type           Power      Damage    Failure   Level
a - Foxfire               Conj/Fire      100%       2x1d9     1%          1
b - Conjure Flame         Conj/Fire      67%        6-21      1%          3
c - Inner Flame           Hex/Fire       59%        N/A       1%          3
d - Sticky Flame          Conj/Fire      67%        2d8       1%          4
e - Fireball              Conj/Fire      33%        3d14      1%          5

Your spell library contained the following spells:

 Spells                   Type           Power      Damage    Failure   Level
 Freeze                   Ice            72%        1d9       1%          1


Dungeon Overview and Level Annotations

Branches:
Dungeon (1/1)

Altars:
Ashenzari
Cheibriados
Dithmenos
Elyvilon
Fedhas
Gozag
Hepliaklqana
Kikubaaqudgha
Makhleb
Nemelex Xobeh
Okawaru
Qazlal
Ru
Sif Muna
Trog
Uskayaw
Vehumet
Wu Jian
Xom
Yredelemnul
Zin
The Shining One
Beogh
Jiyva
Lugonu

Annotations:
D 1 transporter


Message History

You struggle against the net.
The foxfire hits the merfolk!
You kill the merfolk!
Vehumet accepts your kill.
You feel your power returning.
The foxfire hits the merfolk.
You kill the merfolk!
Vehumet accepts your kill.
You feel your power returning.
The merfolk is engulfed in noxious fumes.
The merfolk appears confused.
Your Dodging skill increases to level 7!
Your Spellcasting skill gained 2 levels and is now at level 10!
Your Conjurations skill gained 2 levels and is now at level 4!
Your Fire Magic skill gained 2 levels and is now at level 13!
Your Evocations skill increases to level 4!
You have reached level 7!
You struggle against the net.
The merfolk is engulfed in noxious fumes.
The merfolk gestures wildly.
You struggle against the net.
The merfolk is engulfed in noxious fumes.
The merfolk appears confused.
Unknown command.
Unknown command.
You struggle against the net.
The merfolk is engulfed in noxious fumes.
The merfolk appears confused.
You rip the net and break free!
Unknown command.
You catch the helpless merfolk completely off-guard!
You puncture the merfolk!
The merfolk is heavily wounded.
The merfolk screams, "I'll kill you anyway!"
The merfolk hits you with the +10 lajatang "Acaplaf" {holy, rCorr}!!
Ouch! That really hurt!
* * * LOW HITPOINT WARNING * * *
You feel much better.
The merfolk cries.
The merfolk hits you with the +10 lajatang "Acaplaf" {holy, rCorr}!!
Ouch! That really hurt!
You die...

▓..©..▓..©..▓▓▓▓▓▓▓
▓▓▓▓▓▓▓▓▓▓▓▓▓▓
▓..8©8...▓
▓.°§§§...▓
▓.§§§§§..▓
▓.§☼§§§..▓
..§°☼§..▓
▓.▓m...▓.▓
▓...@....▓
▓▓▓▓▓▓▓▓▓▓


You could see a merfolk (confused).

Vanquished Creatures
  3 merfolk (D)
  A hell hound (D)
  A quasit (D)
  An iron imp (D)
  An orc priest (D)
  An orc wizard (D)
  An ufetubus (D)
  An adder zombie (D)
  2 orcs (D)
12 creatures vanquished.

Vanquished Creatures (others)
  2 foxfires (D)
2 creatures vanquished.

Grand Total: 14 creatures vanquished

Notes
Turn   | Place    | Note
-------+----------+-------------------------------------------
     0 | D        | mhtbhm the Deep Elf Fire Elementalist began the quest for
                  | the Orb.
     0 | D        | Reached XP level 1. HP: 10/10 MP: 6/6
     0 | D        | Found a shimmering blue altar of Sif Muna.
     0 | D        | Found a bloodstained altar of Trog.
     0 | D        | Found a sacrificial altar of Ru.
     0 | D        | Found a stormy altar of Qazlal.
     0 | D        | Found an iron altar of Okawaru.
     1 | D        | Found a sparkling altar of Nemelex Xobeh.
     1 | D        | Found a blossoming altar of Fedhas.
     2 | D        | Found the +6 Majin-Bo {vamp, MP+6 Int+6}
     2 | D        | Found the +9 heavy crossbow "Sniper" {vorpal, Acc+∞ SInv}
     2 | D        | Found the +10 dark maul {vorpal}
     2 | D        | Found the +15 Maxwell's patent armour {-Cast -Tele rElec
                  | Will+ rCorr}
     2 | D        | Found the +18 shield of the Gong {rElec rN+ Will+ EV-5}
     2 | D        | Found the +14 obsidian axe {vorpal, Drain Fly SInv}
     2 | D        | Found the +7 great mace "Firestarter" {inner flame, rF++}
     2 | D        | Found the +6 shillelagh "Devastator" {shatter}
     2 | D        | Found the +11 plutonium sword {Contam Stlth-}
     2 | D        | Found the +8 lance "Wyrmbane" {slay drac, rPois rF+ rC+
                  | AC+3}
     2 | D        | Found the +9 sword of Zonguldrok {reap}
     2 | D        | Found the +13 scythe of Curses {drain, Drain}
     2 | D        | Found the +5 sword of Power {vorpal}
     2 | D        | Found the +7 mace of Variability {chain chaos}
     2 | D        | Found the +7 Singing Sword {vorpal, sonic wave}
     2 | D        | Found the +8 storm bow {elec, penet}
     3 | D        | Found a transporter.
     3 | D        | Found an ancient bone altar of Kikubaaqudgha.
     3 | D        | Found a viscous altar of Jiyva.
     3 | D        | Found a corrupted altar of Lugonu.
     3 | D        | Found a hazy altar of Hepliaklqana.
     3 | D        | Found a burning altar of Makhleb.
     3 | D        | Found an opulent altar of Gozag.
    42 | D        | Became a worshipper of Vehumet
    55 | D        | Entered arena 2.
    55 | D        | Noticed an iron imp
    55 | D        | Noticed a quasit
    55 | D        | Found a transporter.
    57 | D        | Killed a quasit
    58 | D        | Reached skill level 6 in Fire Magic
    58 | D        | Reached XP level 2. HP: 15/15 MP: 7/9
    58 | D        | Reached XP level 3. HP: 19/19 MP: 7/10
    59 | D        | Reached skill level 5 in Spellcasting
    59 | D        | Reached skill level 7 in Fire Magic
    71 | D        | Learned a level 3 spell: Conjure Flame
    75 | D        | Learned a level 3 spell: Inner Flame
    94 | D        | Entered arena 3.
    94 | D        | Noticed a hell hound
    94 | D        | Found a transporter.
    95 | D        | Reached * piety under Vehumet
    95 | D        | Offered knowledge of Freeze by Vehumet.
    96 | D        | Reached XP level 4. HP: 24/24 MP: 13/13
    96 | D        | Killed a hell hound
    96 | D        | Reached ** piety under Vehumet
    97 | D        | Reached skill level 5 in Dodging
    97 | D        | Reached skill level 9 in Fire Magic
    97 | D        | Reached skill level 1 in Evocations
    97 | D        | Reached XP level 5. HP: 28/28 MP: 14/16
   111 | D        | Entered arena 4.
   111 | D        | Found a transporter.
   112 | D        | Reached *** piety under Vehumet
   113 | D        | Reached skill level 10 in Fire Magic
   129 | D        | Learned a level 4 spell: Sticky Flame
   135 | D        | Learned a level 5 spell: Fireball
   137 | D        | Entered arena 5.
   137 | D        | Noticed a merfolk
   137 | D        | Noticed a merfolk
   137 | D        | Noticed a merfolk
   137 | D        | Noticed a merfolk
   137 | D        | Found a transporter.
   138 | D        | Identified the +10 lajatang "Acaplaf" {holy, rCorr}
   140 | D        | Killed a merfolk
   141 | D        | Reached skill level 11 in Fire Magic
   141 | D        | Reached XP level 6. HP: 32/32 MP: 7/19
   143 | D        | Killed a merfolk
   143 | D        | Killed a merfolk
   144 | D        | Reached skill level 10 in Spellcasting
   144 | D        | Reached skill level 13 in Fire Magic
   144 | D        | Reached XP level 7. HP: 36/36 MP: 8/23
   149 | D        | Demolished by a merfolk

Illustrated notes

Levels and vault maps discovered:
D:        sprint_v [room_start, room_1, room_2, room_3, room_4, room_5, room_6,
          room_7, room_8, room_9, room_10, room_11, room_12, room_13, room_14,
          room_15, room_16, room_17, room_18, room_19, room_20, room_21,
          room_22, room_23, room_24, room_25, room_26, room_27]

Skill      XL: |  1  2  3  4  5  6 |
---------------+-------------------+-----
Dodging        | 3 4 5 6 7 |  7.5
Stealth        | 3 |  3.6
Spellcasting   | 4 5 6 8 10 | 10.6
Fire Magic     | 6 7 9 11 13 | 13.3
Conjurations   | 2 4 |  4.0
Evocations     | 1 3 4 |  4.1

Action                   |  1- 3 |  4- 6 |  7- 9 || total
-------------------------+-------+-------+-------++-------
Melee: Lance             |       |       |     1 ||     1
 Cast: Fireball          |       |     3 |       ||     3
       Foxfire           |       |     1 |       ||     1
Evoke: Wand              |     4 |     2 |       ||     6
       Condenser vane    |       |     1 |       ||     1
  Use: Potion            |       |       |     1 ||     1
 Stab: Confused          |       |       |     1 ||     1

Table legend: (Time is in decaauts)
 A = Elapsed time spent in this place.
 B = Non-inter-level travel time spent in this place.
 C = Inter-level travel time spent in this place.
 D = Time resting spent in this place.
 E = Time spent auto-exploring this place.
 F = Levels seen in this place.
 G = Mean time per level.
                   A        B        C        D        E       F      G
               +--------+--------+--------+--------+--------+-----+--------+
         Total |    147 |    147 |      0 |     22 |      0 |   1 |  147.0 |
       Dungeon |    147 |    147 |      0 |     22 |      0 |   1 |  147.0 |
               +--------+--------+--------+--------+--------+-----+--------+

Top non-repeatable levels by time:
       D: 147 daAuts
